 Dungeon Crawl Stone Soup version 0.24-a0-194-g9bee6eb (webtiles) character file.

Game seed: 10080914553420191444

3553 gruber the Markscentaur (level 9, -4/78 HPs)
             Began as a Centaur Hunter on Mar 18, 2019.
             Was a Follower of Okawaru.
             Slain by a wyvern (14 damage)
             ... on level 8 of the Dungeon.
             The game lasted 00:16:03 (10639 turns).

gruber the Markscentaur (Centaur Hunter)           Turns: 10639, Time: 00:16:03

Health: -4/78      AC:  5    Str: 14    XL:     9   Next: 83%
Magic:  9/9        EV:  9    Int: 10    God:    Okawaru [*.....]
Gold:   148        SH:  0    Dex: 14    Spells: 8/8 levels left

rFire    . . .     SeeInvis +   o - +0 dagger (venom)
rCold    . . .     Gourm    .   (no shield)
rNeg     . . .     Faith    .   c - +0 leather armour
rPois    .         Spirit   .   (no helmet)
rElec    .         Reflect  .   (no cloak)
rCorr    .         Harm     .   q - +0 pair of gloves
MR       +....                  (no barding)
Stlth    +.........             j - amulet of magic regeneration
HPRegen  0.23/turn              i - ring of protection from magic
MPRegen  0.36/turn              n - ring of see invisible

@: very quick
A: large, hooves 3, deformed body, speed 2, tough skin 3
a: Heroism, Renounce Religion


You were on level 8 of the Dungeon.
You worshipped Okawaru.
Okawaru was aware of your devotion.
You were not hungry.

You visited 2 branches of the dungeon, and saw 9 of its levels.
You also visited: Ossuary.

You collected 329 gold pieces.
You spent 181 gold pieces at shops.

Inventory:

Hand Weapons
 a - a +1 shortbow
 o - a +0 dagger of venom (weapon)
Missiles
 d - 6 arrows
 e - 4 silver javelins (quivered)
Armour
 c - a +0 leather armour (worn)
 q - a +0 pair of gloves (worn)
 C - the +3 ring mail of Punnec {Dex+6, unknown}
   (You found it on level 6 of the Dungeon)

   It affects your dexterity (+6).
Jewellery
 i - a ring of protection from magic (left hand)
 j - an amulet of magic regeneration (around neck)
 n - a ring of see invisible (right hand)
Wands
 p - a wand of flame (44)
 r - a wand of enslavement (7)
 v - a wand of random effects (21)
Scrolls
 b - 3 scrolls of magic mapping
 k - a scroll of blinking {unknown}
 s - 3 scrolls of remove curse
 u - 2 scrolls of fear {unknown}
 y - a scroll of fog
 z - a scroll of enchant armour
 A - 3 scrolls of teleportation
 B - 2 scrolls of random uselessness {unknown}
Potions
 g - 7 potions of magic
 h - 5 potions of brilliance
 l - a potion of lignification
 m - 3 potions of curing
 t - 2 potions of might {unknown}
 w - a potion of ambrosia {unknown}
 x - 2 potions of agility {unknown}
Comestibles
 f - 11 rations
 D - a chunk of flesh


   Skills:
 * Level 6.8 Fighting
 - Level 16.0 Bows
 - Level 1.3 Dodging
 - Level 0.4 Stealth


You had 8 spell levels left.
You didn't know any spells.
Your spell library contained the following spells:

 Spells                   Type           Power        Failure   Level  Hunger
 Corona                   Hex            #......      43%         1    ##.....
 Ensorcelled Hibernation  Hex/Ice        #.....       58%         2    ###....
 Confuse                  Hex            #.......     82%         3    ####...
 Dazzling Spray           Conj/Hex       #.....       82%         3    ####...
 Tukima's Dance           Hex            #.......     82%         3    ####...


Dungeon Overview and Level Annotations

Branches:
Dungeon (8/15)             Temple (1/1) D:4            Lair (0/6) D:8

Altars:
Ashenzari
Cheibriados
Fedhas
Hepliaklqana
Kikubaaqudgha
Okawaru
Sif Muna
Trog
Vehumet
Yredelemnul

Shops:
D:5 ?


Innate Abilities, Weirdness & Mutations

You have hooves in place of feet.
Armour fits poorly on your strangely shaped body.
You cover ground very quickly.
You have extremely tough skin. (AC +3)


Message History

Okawaru accepts your kill.
You can now gain great but temporary skills.
The wyvern bites you.
* * * LOW HITPOINT WARNING * * *
You completely miss the wyvern.
The wyvern is moderately wounded.
The wyvern bites you.
* * * LOW HITPOINT WARNING * * *
You feel better. The wyvern bites you!
* * * LOW HITPOINT WARNING * * *
The wyvern closely misses you.
You feel better. The wyvern barely misses you. The wyvern bites you!
* * * LOW HITPOINT WARNING * * *
The wyvern bites you!
* * * LOW HITPOINT WARNING * * *
You feel better. The wyvern bites you!
* * * LOW HITPOINT WARNING * * *
You feel better. The wyvern bites you!
You die...

...........#)....#,,,<,*****,***_
...........#.##..#,,,,,,,,,,,***,
..##########.##..######,,,,,,* *,
..#.....#.....#.......#,,,,,,***+
..'.....#.....#.^.....#,,,,,,,,,,
..#.....#.....#.......#,,,,,,,,,,
..#....##.....'.......#,,,,,,,,,,
..#######....##.......#,,,,,,,,,,
..#....##....##.@.....#######,,,,
..#....##....##l............#,,,,
.l#.........................#,,,,
..#(........................#,,,,
..†.........................#,,,,
..#.........................#,,,,
..#.........................+....
..#.........................#....
..#....####..###......#####+#....


You could see a wyvern.

Vanquished Creatures
  Pikel (D:5)
  A hippogriff (D:7)
  Sigmund (D:4)
  A hornet zombie (D:7)
  An orc warrior (D:7)
  A slave (D:5)
  A sky beast (D:6)
  An ice beast (D:7)
  4 ogres
  A centaur (D:6)
  A big kobold (D:7)
  An elf zombie (Ossuary)
  3 bullfrogs
  A wyvern skeleton (D:7)
  2 scorpions
  3 killer bees (D:6)
  A howler monkey (D:3)
  2 crimson imps (D:5)
  3 human zombies (Ossuary)
  A bullfrog zombie (D:7)
  A bullfrog skeleton (D:6)
  3 centaur skeletons
  7 orc wizards
  2 orc priests
  5 hounds
  An iguana (D:6)
  5 worker ants
  A killer bee zombie (D:5)
  A hound skeleton (D:6)
  3 mummies
  A howler monkey zombie (D:7)
  13 adders
  11 gnolls
  2 oozes (D:5)
  5 adder zombies (Ossuary)
  3 worms
  A dart slug (D:1)
  2 leopard geckos
  20 orcs
  4 giant cockroaches
  11 goblins
  8 hobgoblins
  19 jackals
  15 kobolds
  3 quokkas
  7 bats
  3 frilled lizards
  2 goblin zombies (Ossuary)
  10 hobgoblin zombies
  12 kobold zombies (Ossuary)
  6 orc zombies
  5 rats
223 creatures vanquished.

Vanquished Creatures (others)
  A bullfrog zombie (D:5)
  A crimson imp (D:5)
  An orc (D:5)
  A ball python (D:5)
4 creatures vanquished.

Grand Total: 227 creatures vanquished

Notes
Turn   | Place    | Note
-------+----------+-------------------------------------------
     0 | D:1      | gruber the Centaur Hunter began the quest for the Orb.
     0 | D:1      | Reached XP level 1. HP: 17/17 MP: 1/1
    36 | D:1      | Reached XP level 2. HP: 17/25 MP: 2/2
   791 | D:2      | Reached XP level 3. HP: 20/31 MP: 3/3
  1175 | D:2      | Reached XP level 4. HP: 31/40 MP: 4/4
  1495 | D:2      | Reached skill level 6 in Bows
  1503 | D:2      | Found a shattered altar of Ashenzari.
  1774 | D:3      | Found an ancient bone altar of Kikubaaqudgha.
  1939 | D:3      | Reached XP level 5. HP: 41/46 MP: 5/5
  2253 | D:3      | Reached skill level 7 in Bows
  2388 | D:3      | Found a deep blue altar of Sif Muna.
  3159 | D:4      | Noticed an ogre
  3183 | D:4      | Killed an ogre
  3183 | D:4      | Reached skill level 8 in Bows
  3183 | D:4      | Reached XP level 6. HP: 52/52 MP: 6/6
  3207 | D:4      | Found a staircase to the Ecumenical Temple.
  3304 | D:4      | Noticed Sigmund
  3326 | D:4      | Killed Sigmund
  3326 | D:4      | Reached skill level 9 in Bows
  3430 | D:4      | Reached skill level 10 in Bows
  3430 | D:4      | Reached XP level 7. HP: 59/59 MP: 7/7
  3735 | D:4      | Found a blossoming altar of Fedhas.
  4140 | D:5      | Entered Level 5 of the Dungeon
  4208 | D:5      | Reached skill level 11 in Bows
  4535 | D:5      | Noticed Pikel
  4570 | D:5      | Killed Pikel
  4570 | D:5      | Reached skill level 12 in Bows
  4570 | D:5      | Reached XP level 8. HP: 25/66 MP: 8/8
  4842 | D:5      | Reached skill level 13 in Bows
  5075 | D:5      | Found Yzybyerr's Magic Scroll Emporium.
  5100 | D:5      | Bought 2 scrolls of identify for 44 gold pieces
  5100 | D:5      | Bought a scroll of fog for 22 gold pieces
  5100 | D:5      | Bought a scroll of enchant armour for 82 gold pieces
  5100 | D:5      | Bought a scroll of remove curse for 33 gold pieces
  5111 | D:5      | Found a radiant altar of Vehumet.
  5703 | D:6      | Found a sand-covered staircase.
  5717 | Ossuary  | Entered an ossuary
  5779 | Ossuary  | Reached skill level 14 in Bows
  6460 | D:6      | Reached XP level 9. HP: 16/71 MP: 9/9
  6999 | D:6      | Reached skill level 15 in Bows
  7393 | D:6      | Found a snail-covered altar of Cheibriados.
  7521 | D:6      | Got a faintly glowing ring mail
  8102 | Temple   | Entered the Ecumenical Temple
  8178 | Temple   | Became a worshipper of Warmaster Okawaru
  8937 | D:7      | Reached skill level 16 in Bows
  9246 | D:7      | Reached skill level 5 in Fighting
 10621 | D:8      | Reached * piety under Okawaru
 10638 | D:8      | HP: 1/78 [wyvern (12)]
 10639 | D:8      | Slain by a wyvern

Levels and vault maps discovered:
D:1:      nzn_arrival_settlement, layout_basic
D:2:      layout_loops_ring, lemuel_crystal_altar
D:3:      layout_loops_corners, kiku_gazebo_garden_becter, lemuel_blue_sif_altar
D:4:      kennysheep_six_static_rooms, layout_basic,
          minmay_temple_entry_butterflies, fedhas_ov_isle_minmay, uniq_sigmund
D:5:      layout_basic, fiery_altar_vehumet, first_ration, serial_shops, shop,
          uniq_pikel
D:6:      layout_basic, basic_altar, nicolae_ossuary_entry_giza
D:7:      layout_basic
D:8:      layout_gridville, lemuel_doored_altar, lair_entry_dummy,
          grunt_pizzeria
Temple:   nicolae_temple_figure_eight
Ossuary:  ossuary_tomb_1

Skill      XL: |  1  2  3  4  5  6  7  8  9 |
---------------+----------------------------+-----
Fighting       | 3 4 6 |  6.8
Bows           | 6 8 10 12 14 16 | 16.0
Dodging        | |  1.3
Stealth        | |  0.4

Action                   |  1- 3 |  4- 6 |  7- 9 || total
-------------------------+-------+-------+-------++-------
Melee: Short sword       |    75 |    45 |       ||   120
       Kick              |    10 |    10 |   119 ||   139
       Dagger            |       |       |   380 ||   380
 Fire: Shortbow          |    29 |   139 |   360 ||   528
Throw: Javelin           |       |       |     5 ||     5
  Use: Scroll            |       |       |     6 ||     6
       Potion            |       |       |     4 ||     4
 Stab: Distracted        |       |       |     1 ||     1
  Eat: Chunk             |       |     6 |    12 ||    18
       Ration            |       |       |     2 ||     2
Armor: Leather armour    |    44 |    31 |   148 ||   223
Dodge: Dodged            |    36 |    39 |   202 ||   277

Table legend:
 A = Non-vault XP
 B = Vault XP
 C = Vault XP percentage of total XP
 D = Non-vault monster count
 E = Vault monster count
 F = Vault count percentage of total count
                 A         B        C        D         E       F
            +---------+---------+-------+---------+---------+-------
      Total |    3750 |    1326 |  26.1 |     173 |      49 |  22.1
            +---------+---------+-------+---------+---------+-------
        D:1 |      36 |       0 |   0.0 |      19 |       0 |   0.0
        D:2 |      94 |       0 |   0.0 |      24 |       0 |   0.0
        D:3 |     122 |       0 |   0.0 |      30 |       0 |   0.0
        D:4 |     337 |     341 |  50.3 |      13 |       6 |  31.6
        D:5 |     798 |     641 |  44.5 |      26 |       1 |   3.7
        D:6 |     816 |      18 |   2.2 |      18 |       3 |  14.3
        D:7 |    1093 |       0 |   0.0 |      24 |       0 |   0.0
        D:8 |     454 |       0 |   0.0 |      19 |       0 |   0.0
    Ossuary |       0 |     326 | 100.0 |       0 |      39 | 100.0
            +---------+---------+-------+---------+---------+-------
